Construct Infanterie Kompanie
Construct Luftwaffe Kompanie
Flak 30 Anti-aircraft Gun Team
Marder III M Tank Destroyer
Luftwaffe Officer Quarters
Marder III M Tank Destroyer
Marder III M Tank Destroyer
Selects Mechanized Battlegroup
Selects StuG Assault Group
Selects Panther Heavy Tank
Selects Wespe Self-propelled Artillery
Selects Zeroing Artillery Barrage
Zeroing Artillery Barrage
Marder III M Tank Destroyer
Marder III M Tank Destroyer
Marder III M Tank Destroyer
Zeroing Artillery Barrage